 Dungeon Crawl Stone Soup version 0.16.2-12-gd0ad4c3 (webtiles) character file.

4690 musteatbrain the Fighter (level 10, -1/96 HPs)
             Began as a Minotaur Berserker on Sept 26, 2015.
             Was an Elder of Trog.
             Slain by a worldbinder (7 damage)
             ... on level 1 of the Abyss.
             The game lasted 00:33:52 (5299 turns).

musteatbrain the Fighter (Minotaur Berserker)       Turns: 5299, Time: 00:33:52

Health: -1/96      AC:  9    Str: 24    XL:     10   Next: 21%
Magic:  3/3        EV: 14    Int: -2 (4) God:    Trog [****..]
Gold:   276        SH:  0    Dex: 11    Spells: 0 memorised, 9 levels left

rFire  . . .     SeeInvis .     b - +2 scythe (freeze)
rCold  . . .     Clarity  .     k - +3 leather armour
rNeg   . . .     SustAb   .     (no shield)
rPois  +         Gourm    .     (helmet restricted)
rElec  .         Spirit   .     (no cloak)
rCorr  .         Warding  .     d - +1 pair of gloves
rMut   .         Stasis   .     (no boots)
MR     .....                    (no amulet)
Stlth  +.........               (no ring)
                                f - ring of poison resistance

@: lost intelligence, very slow, not resistant to hostile enchantments, very
unstealthy
A: retaliatory headbutt, horns 2, low mp 1, placid magic 1
a: Burn Spellbooks, Berserk, Trog's Hand, Brothers in Arms, Renounce Religion


You were on level 1 of the Abyss.
You worshipped Trog.
Trog was greatly pleased with you.
You were hungry.

You visited 1 branch of the dungeon, and saw 6 of its levels.
You visited the Abyss 1 time.

You collected 276 gold pieces.

Inventory:

Hand weapons
 a - a +0 hand axe
 b - a +2 scythe of freezing (weapon)
 g - a +1 antimagic quarterstaff
 m - a +2 flail of draining
 r - a +0 halberd of pain
Missiles
 o - 6 tomahawks of returning (quivered)
Armour
 d - a +1 pair of gloves (worn)
 k - a +3 leather armour (worn)
Jewellery
 f - a ring of poison resistance (left hand)
 u - an uncursed amulet of stasis {unknown}
 B - an uncursed ring of protection from fire {unknown}
Magical devices
 y - a wand of paralysis (11)
Scrolls
 e - a scroll of fog {unknown}
 i - 2 scrolls of amnesia {unknown}
 l - a scroll of enchant armour {unknown}
 n - a scroll of blinking {unknown}
 p - a scroll of torment {unknown}
 t - a scroll of fear {unknown}
 D - a scroll of vulnerability {unknown}
 E - a scroll of enchant weapon {unknown}
Potions
 c - a potion of heal wounds
 h - 3 potions of might
 j - a potion of flight {unknown}
 q - 2 potions of poison {unknown}
 s - a potion of agility
 A - a potion of cure mutation {unknown}
Comestibles
 v - a beef jerky
 w - 3 fruits
 x - 2 bread rations
 z - a meat ration
 C - a slice of pizza


   Skills:
 * Level 11.5 Fighting
 + Level 10.1 Axes
 + Level 7.9 Armour
 + Level 7.1 Dodging


You had 9 spell levels left.
You didn't know any spells.

Dungeon Overview and Level Annotations

Branches:
Dungeon (6/15)             Temple (0/1) D:4

Altars:
Fedhas
Kikubaaqudgha
Makhleb
Ru
Xom
Zin

Annotations:
D:6 Edmund


Innate Abilities, Weirdness & Mutations

You reflexively headbutt those who attack you in melee.
You have a pair of horns on your head.
Your magical capacity is low (-10% MP).
Your spells are a little easier to cast, but a little less powerful.


Message History

The starspawn tentacle loses its grip on you.
The starspawn's tentacles wither and die.
Your Axes skill increases to level 10!
Your Dodging skill increases to level 7!
The raiju bursts into living lightning!
The living lightning hits you!
* * * LOW HITPOINT WARNING * * *
The raiju blinks!
A neqoxec and a ynoxinul come into view.
The ufetubus misses you.
The ufetubus hits you but does no damage.
Your two-headed ogre closely misses the ufetubus.
Your two-headed ogre misses the ufetubus.
The worldbinder barely misses you. The worldbinder hits you.
* * * LOW HITPOINT WARNING * * *
The hell hound bites you but does no damage.
The ufetubus closely misses you. The ufetubus misses you.
The worldbinder hits you but does no damage.
The worldbinder hits you!
You die...

# # # ### #.##
#.# §.. . ...#
### ... #### ##..
# .
....####.###.##.#
... ...s...##.h..
.# ##.......# .##
#..§x...#.##
##....@..# #
##....55h.# #
#....O.5..#
#.###...#h.# #
.##3##...#
#.5.##....
5...#.#. ..3..##.
.....


You could see an orb spider, a worldbinder, a raiju, a neqoxec, a ynoxinul, 2
hell hounds, 5 ufetubi and a friendly two-headed ogre (berserk).

Vanquished Creatures
  Grinder (D:6)
  Prince Ribbit (D:6)
  The ghost of Charly the Covert, an average OpAs of Cheibriados (D:5)
  A neqoxec (Abyss:1)
  An ice beast (D:5)
  A small abomination (Abyss:1)
  A black bear (D:6)
  An ogre (D:5)
  A centaur (D:5)
  2 phantoms (D:4)
  Sigmund (D:2)
  Duvessa (D:5)
  A giant frog (D:4)
  A gnoll sergeant (D:3)
  2 scorpions
  2 crimson imps
  A centaur skeleton (D:6)
  4 gnoll shamans (D:3)
  2 hounds (D:4)
  8 worker ants
  Natasha (D:6)
  2 iguanas (D:5)
  Ijyb (D:2)
  Robin (D:2)
  A worker ant zombie (D:3)
  11 adders
  31 gnolls
  A shadow imp (D:6)
  A giant mite (D:2)
  A worm (D:4)
  An ufetubus (Abyss:1)
  An adder skeleton (D:4)
  3 giant geckos
  3 orcs (D:3)
  4 giant cockroaches
  25 goblins
  8 hobgoblins
  24 jackals
  8 kobolds
  2 quokkas
  A ball python (D:1)
  14 bats
  2 giant gecko skeletons (D:5)
  5 giant newts
  A quokka zombie (D:5)
  9 rats
196 creatures vanquished.

Vanquished Creatures (collateral kills)
  A tentacled starspawn (Abyss:1)
  An eidolon (Abyss:1)
  A wretched star (Abyss:1)
  A large abomination (Abyss:1)
  A basilisk (Abyss:1)
  Menkaure (D:5)
  Dowan (D:5)
  A white imp (Abyss:1)
  A starspawn tentacle (Abyss:1)
9 creatures vanquished.

Vanquished Creatures (others)
  3 starspawn tentacles (Abyss:1)
  16 starspawn tentacle segments (Abyss:1)
19 creatures vanquished.

Grand Total: 224 creatures vanquished

Notes
Turn   | Place    | Note
--------------------------------------------------------------
     0 | D:1      | musteatbrain, the Minotaur Berserker, began the quest for the Orb.
     0 | D:1      | Reached XP level 1. HP: 19/19 MP: 1/1
   329 | D:1      | Reached skill level 4 in Axes
   441 | D:1      | Reached XP level 2. HP: 27/27 MP: 1/1
   491 | D:1      | Acquired Trog's second power
  1210 | D:2      | Found a shimmering altar of Xom.
  1237 | D:2      | Reached XP level 3. HP: 33/33 MP: 2/2
  1343 | D:2      | Noticed Sigmund
  1349 | D:2      | Lost intelligence.
  1359 | D:2      | Noticed Robin
  1361 | D:2      | Killed Sigmund
  1361 | D:2      | Reached skill level 5 in Fighting
  1361 | D:2      | Reached skill level 5 in Axes
  1361 | D:2      | Reached XP level 4. HP: 16/42 MP: 2/2
  1363 | D:2      | Killed Robin
  1405 | D:2      | Lost intelligence.
  1431 | D:2      | Reached XP level 5. HP: 19/48 MP: 2/2
  1560 | D:2      | Noticed Ijyb
  1566 | D:2      | Killed Ijyb
  1566 | D:2      | Reached skill level 6 in Axes
  1900 | D:3      | Acquired Trog's third power
  1931 | D:3      | Found a burning altar of Makhleb.
  1968 | D:3      | Found a blossoming altar of Fedhas.
  2027 | D:3      | Received a gift from Trog
  2110 | D:3      | Reached XP level 6. HP: 52/57 MP: 3/3
  2531 | D:3      | Reached XP level 7. HP: 37/64 MP: 3/3
  2662 | D:3      | Reached skill level 7 in Axes
  3071 | D:3      | Found an ancient bone altar of Kikubaaqudgha.
  3523 | D:4      | Found a staircase to the Ecumenical Temple.
  3613 | D:4      | Reached XP level 8. HP: 60/74 MP: 3/3
  3623 | D:4      | Reached skill level 5 in Armour
  3735 | D:4      | Reached skill level 8 in Fighting
  3750 | D:4      | Found a glowing silver altar of Zin.
  3795 | D:5      | Entered Level 5 of the Dungeon
  3848 | D:5      | Found a sacrificial altar of Ru.
  3870 | D:5      | Noticed Charly's ghost (average OpAs)
  3874 | D:5      | Killed Charly's ghost
  3874 | D:5      | Reached skill level 5 in Dodging
  3935 | D:5      | Reached skill level 9 in Fighting
  3964 | D:5      | Got a warped chain mail
  3965 | D:5      | Identified the cursed -11 chain mail of the First Tales {MR+ rCorr Str+4 Int+5} (You found it on level 5 of the Dungeon)
  3992 | D:5      | Noticed Duvessa
  3992 | D:5      | Noticed Dowan
  3994 | D:5      | Noticed Menkaure
  4001 | D:5      | Killed Duvessa
  4006 | D:5      | Killed Dowan
  4006 | D:5      | Received a gift from Trog
  4007 | D:5      | Killed Menkaure
  4049 | D:5      | Reached XP level 9. HP: 83/83 MP: 1/4
  4444 | D:6      | Noticed Prince Ribbit
  4461 | D:6      | Killed Prince Ribbit
  4637 | D:6      | Noticed Grinder
  4648 | D:6      | Killed Grinder
  4685 | D:6      | Reached skill level 10 in Fighting
  4891 | D:6      | Noticed Natasha
  4896 | D:6      | Killed Natasha
  4946 | D:6      | Noticed Edmund
  4950 | D:6      | Cast into the Abyss (Edmund)
  5086 | Abyss:1  | Noticed a large abomination
  5102 | Abyss:1  | Killed a large abomination
  5109 | Abyss:1  | Noticed a wretched star
  5111 | Abyss:1  | Killed a wretched star
  5113 | Abyss:1  | Noticed an eidolon
  5119 | Abyss:1  | Killed an eidolon
  5119 | Abyss:1  | Reached skill level 11 in Fighting
  5259 | Abyss:1  | Gained mutation: Your spells are a little easier to cast, but a little less powerful. [a neqoxec]
  5260 | Abyss:1  | Lost intelligence.
  5265 | Abyss:1  | Gained mutation: Your magical capacity is low (-10% MP). [a neqoxec]
  5270 | Abyss:1  | Reached XP level 10. HP: 56/95 MP: 3/3
  5293 | Abyss:1  | Noticed a tentacled starspawn
  5296 | Abyss:1  | Noticed a worldbinder
  5298 | Abyss:1  | Killed a tentacled starspawn
  5298 | Abyss:1  | Reached skill level 10 in Axes
  5299 | Abyss:1  | Noticed an orb spider
  5299 | Abyss:1  | Slain by a worldbinder

Action                   |  1- 3 |  4- 6 |  7- 9 | 10-12 || total
-------------------------+-------+-------+-------+-------++-------
Melee: Hand axe          |    75 |    13 |       |       ||    88
       Scythe            |       |   125 |   225 |       ||   350
       Unarmed           |       |     2 |       |       ||     2
Invok: Trog's Hand       |       |     3 |     4 |       ||     7
       Berserk           |       |       |     1 |       ||     1
       Brothers in Arms  |       |       |     2 |     1 ||     3
  Use: Potion            |     4 |       |       |     1 ||     5
       Scroll            |       |     1 |     5 |       ||     6
 Stab: Sleeping          |       |       |     1 |       ||     1
  Eat: Bread ration      |     1 |       |     1 |       ||     2
       Beef jerky        |       |     1 |       |       ||     1
       Chunk             |       |       |     2 |       ||     2
       Meat ration       |       |       |     1 |       ||     1
